 Dungeon Crawl Stone Soup version 0.21.0-25-ge575cb9 (webtiles) character file.

640 Moloch the Slasher (level 7, -11/55 HPs)
             Began as a Mummy Fighter on Jan 24, 2018.
             Mangled by Prince Ribbit (13 damage)
             ... on level 5 of the Dungeon.
             The game lasted 00:06:47 (3951 turns).

Moloch the Slasher (Mummy Fighter)                  Turns: 3951, Time: 00:06:48

Health: -11/55     AC:  8    Str: 20    XL:     7   Next: 26%
Magic:  5/7        EV:  7    Int:  7    God:
Gold:   187        SH:  9    Dex: 13    Spells: 6/6 levels left

rFire    . . .     SeeInvis .   a - +0 long sword
rCold    . . .     Gourm    .   c - +0 shield
rNeg     + + +     Faith    .   b - +0 scale mail
rPois    ∞         Spirit   .   (no helmet)
rElec    .         Reflect  .   k - +0 cloak {+Inv}
rCorr    .         Harm     .   (no gloves)
MR       .....                  g - +0 pair of boots
Stlth    ..........             d - amulet of regeneration
HPRegen  0.58/turn              i - ring of fire
MPRegen  0.10/turn              (no ring)

@: very slightly contaminated, invisible
A: no food or potions, fire vulnerability, cold resistance 1, negative energy
resistance 3, torment resistance, unbreathing
a: no special abilities


You were on level 5 of the Dungeon.
You were not hungry.

You visited 1 branch of the dungeon, and saw 5 of its levels.

You collected 187 gold pieces.

Inventory:

Hand Weapons
 a - a +0 long sword (weapon)
Armour
 b - a +0 scale mail (worn)
 c - a +0 shield (worn)
 g - a +0 pair of boots (worn)
 k - a +0 cloak of invisibility (worn)
Jewellery
 d - an amulet of regeneration (around neck)
 i - a ring of fire (left hand)
Scrolls
 e - 4 scrolls of identify {unknown}
 f - a scroll of fear {unknown}
 h - 4 scrolls of remove curse {unknown}
 j - a scroll of random uselessness {unknown}
 l - a scroll of amnesia {unknown}
 m - a scroll of teleportation {unknown}
 n - a scroll of enchant weapon {unknown}


   Skills:
 + Level 4.3 Fighting
 * Level 6.0 Long Blades
 - Level 2.4 Armour
 - Level 2.4 Shields
 * Level 1.0 Evocations


You had 6 spell levels left.
You didn't know any spells.

Dungeon Overview and Level Annotations

Branches:
Dungeon (5/15)
 Temple: D:4-7

Altars:
Dithmenos
Nemelex Xobeh
Ru
Trog
Vehumet

Annotations:
D:5 Prince Ribbit


Innate Abilities, Weirdness & Mutations

You do not eat or drink.
Your flesh is vulnerable to fire.
You are immune to poison.
Your flesh is cold resistant. (rC+)
You are immune to negative energy. (rN+++)
You are immune to unholy pain and torment.
You can survive without breathing.


Message History

You are too injured to fight recklessly!
You are too injured to fight recklessly!
Unknown command.
You fail to use your ability.
Prince Ribbit hits you!
* * * LOW HITPOINT WARNING * * *
The iguana barely misses you.
You fade into invisibility!
You are very lightly contaminated with residual magic.
Prince Ribbit barely misses you. The iguana bites you.
* * * LOW HITPOINT WARNING * * *
Prince Ribbit hits you!
* * * LOW HITPOINT WARNING * * *
Sorry, you're not good enough to have a special ability.
Firing (i - inventory): No suitable missiles.
Press: ? - help, Shift-Dir - straight line, f - iguana
Aim: an iguana
Okay, then.
Your shield and scale mail prevent you from hitting the iguana.
Prince Ribbit hits you!
You die...

# #####
#.#.###...#
#...l@F.#.#
#.#.###...#
#. ##.## ..
#.# #. #.#
##### ..
#.#####...#
##### #
#.........#
...#######
#######...#
...###...##
##+## ##.##


You could see Prince Ribbit and an iguana.

Vanquished Creatures
  A sky beast (D:5)
  A bullfrog (D:3)
  A howler monkey (D:4)
  3 hounds
  An orc priest (D:4)
  Crazy Yiuf (D:3)
  2 bullfrog skeletons
  2 orc wizards (D:5)
  Terence (D:2)
  4 adders
  An ooze (D:4)
  6 worms (D:2)
  4 dart slugs
  2 leopard geckos
  10 orcs
  6 bats
  3 giant cockroaches
  8 goblins
  11 hobgoblins
  10 jackals
  2 quokkas
  A ball python (D:3)
  3 frilled lizards
  8 kobolds
  8 rats
100 creatures vanquished.

Notes
Turn   | Place    | Note
-------+----------+-------------------------------------------
     0 | D:1      | Moloch the Mummy Fighter began the quest for the Orb.
     0 | D:1      | Reached XP level 1. HP: 18/18 MP: 1/1
   398 | D:1      | Reached skill level 2 in Long Blades
   398 | D:1      | Reached XP level 2. HP: 24/24 MP: 2/2
  1042 | D:2      | Reached XP level 3. HP: 24/29 MP: 3/3
  1139 | D:2      | Found a bloodstained altar of Trog.
  1158 | D:2      | Noticed Terence
  1172 | D:2      | Reached skill level 3 in Long Blades
  1177 | D:2      | Killed Terence
  1177 | D:2      | Reached XP level 4. HP: 33/36 MP: 4/4
  1260 | D:2      | Found a faded altar of an unknown god.
  1436 | D:2      | Found a radiant altar of Vehumet.
  1842 | D:3      | Reached XP level 5. HP: 39/42 MP: 5/5
  1882 | D:3      | Reached skill level 4 in Long Blades
  2197 | D:3      | Found a runed door.
  2632 | D:3      | Noticed Crazy Yiuf
  2721 | D:3      | HP: 1/42 [Crazy Yiuf/quarterstaff of chaos (4)]
  2722 | D:3      | Killed Crazy Yiuf
  2722 | D:3      | Reached XP level 6. HP: 1/48 MP: 6/6
  2970 | D:4      | Reached skill level 5 in Long Blades
  3269 | D:4      | Found a sparkling altar of Nemelex Xobeh.
  3290 | D:4      | Found a sacrificial altar of Ru.
  3291 | D:4      | Found a shadowy altar of Dithmenos.
  3598 | D:5      | Entered Level 5 of the Dungeon
  3628 | D:5      | Noticed a sky beast
  3697 | D:5      | Killed a sky beast
  3697 | D:5      | Reached XP level 7. HP: 24/54 MP: 7/7
  3936 | D:5      | Reached skill level 6 in Long Blades
  3938 | D:5      | Noticed Prince Ribbit
  3944 | D:5      | Reached skill level 1 in Evocations
  3950 | D:5      | HP: 1/55 [Prince Ribbit (11)]
  3951 | D:5      | Mangled by Prince Ribbit

Skill      XL: |  1  2  3  4  5  6  7 |
---------------+----------------------+-----
Long Blades    | 2 3 4 5 6 |  6.0
Fighting       | 4 |  4.3
Evocations     | 1 |  1.0
Armour         | |  2.4
Shields        | |  2.4

Action                   |  1- 3 |  4- 6 |  7- 9 || total
-------------------------+-------+-------+-------++-------
Melee: Long sword        |    87 |   286 |    34 ||   407
 Abil: Evoke Invisibilit |       |       |     2 ||     2
 Stab: Invisible         |       |       |     3 ||     3
Armor: Scale mail        |    43 |   113 |    18 ||   174
Dodge: Dodged            |    38 |    80 |    12 ||   130
Block: Shield            |    45 |   134 |    13 ||   192
       Rpst.: Long sword |    17 |    25 |     3 ||    45
